 Dungeon Crawl Stone Soup version 0.29.1-14-g9c671dbff4 (webtiles) character file.

Game seed: 3324539534375757430

33 Heoruswealwe the Conjurer (level 3, 0/19 HPs)
             Began as a Deep Elf Conjurer on Feb 13, 2023.
             Killed from afar by Sigmund (7 damage)
             ... with a puff of flame
             ... on level 2 of the Dungeon.
             The game lasted 00:11:52 (809 turns).

Heoruswealwe the Conjurer (Deep Elf Conjurer)        Turns: 809, Time: 00:11:55

Health: 0/19       AC:  3    Str:  4    XL:     3   Next: 12%
Magic:  6/9        EV: 12    Int: 24    God:
Gold:   22         SH:  0    Dex: 13    Spells: 5/8 levels left

rFire   . . .      SeeInvis .   p - +0 falchion (elec)
rCold   . . .      Faith    .   (no shield)
rNeg    . . .      Spirit   .   k - +0 robe
rPois   .          Reflect  .   (no helmet)
rElec   .          Harm     .   (no cloak)
rCorr   .          Rampage  .   (no gloves)
Will    .....                   v - +0 pair of boots
Stlth   ++........              (no amulet)
HPRegen 0.06/turn               (no ring)
MPRegen 0.11/turn               (no ring)

@: no status effects
A: no striking features
a: no special abilities


You were on level 2 of the Dungeon.
You visited 1 branch of the dungeon, and saw 2 of its levels.

You collected 22 gold pieces.

Inventory:

Hand Weapons
 f - a +0 short sword
 i - a +0 whip
 j - a +0 whip
 l - a +0 sling
 m - a +0 whip
 p - a +0 falchion of electrocution (weapon)
 q - a +0 dagger
 r - a +0 short sword
 t - a +0 war axe
 u - a +0 quarterstaff
 w - a +0 dagger
 x - a +0 club
 y - a +0 dagger
Missiles
 c - 2 poisoned darts
 h - 6 stones
Armour
 a - a +0 robe
 e - a +0 plate armour
 k - a +0 robe (worn)
 v - a +0 pair of boots (worn)
Scrolls
 n - a scroll of silence {unknown}
 o - a scroll of enchant armour {unknown}
Potions
 b - a potion of magic
 d - a potion of mutation {unknown}
 g - 2 potions of curing {unknown}
 s - a potion of brilliance {unknown}


   Skills:
 + Level 0.0 Fighting
 + Level 0.1 Long Blades
 + Level 2.4 Dodging
 + Level 2.4 Stealth
 * Level 3.4 Spellcasting
 * Level 4.6 Conjurations
 + Level 0.4 Hexes
 + Level 0.2 Summonings
 + Level 0.1 Necromancy
 + Level 0.2 Translocations
 + Level 0.0 Transmutations
 + Level 0.4 Fire Magic
 + Level 0.2 Ice Magic
 + Level 0.5 Air Magic
 + Level 0.3 Earth Magic
 + Level 0.5 Poison Magic
 + Level 0.1 Invocations
 + Level 0.3 Evocations


You had 5 spell levels left.
You knew the following spells:

 Your Spells              Type           Power      Damage    Failure   Level
a - Magic Dart            Conj           100%       1d8       1%          1
b - Searing Ray           Conj           52%        2d6       2%          2

Your spell library contained the following spells:

 Spells                   Type           Power      Damage    Failure   Level
 Dazzling Flash           Conj/Hex       32%        N/A       11%         3
 Fulminant Prism          Conj/Hex       8%         3d7       36%         4
 Iskenderun's Mystic Bla  Conj/Tloc      15%        2d5       36%         4


Dungeon Overview and Level Annotations

Branches:
Dungeon (2/15)

Altars:

Annotations:
D:2 Sigmund


Message History

The bat closely misses you. x2
The searing ray hits the bat!
You kill the bat!
h - 6 stones (gained 3)
You see here a +0 dagger.
y - a +0 dagger
There is a stone staircase leading up here.
There is a fountain of clear blue water here.
There is a stone staircase leading up here.
There is a dry fountain here.
Casting: Searing Ray (safe; 2% risk of failure)
Confirm with . or Enter, or press ? or * to list all spells.
Aiming: Searing Ray (safe; 2% risk of failure)
Press: ? - help, Shift-Dir - straight line, f - hobgoblin
Aim: a hobgoblin (79% to hit)
The searing ray hits the hobgoblin!
You kill the hobgoblin! (Press . to maintain the ray.)
A bat comes into view.
A goblin comes into view.
It is wielding a +0 club and quivering poisoned darts.
Sigmund the Dreaded comes into view.
He is wielding a +0 scythe.
Casting: Searing Ray (safe; 2% risk of failure)
Confirm with . or Enter, or press ? or * to list all spells.
You can't see any susceptible monsters within range! (Use Z to cast anyway.)
Casting: Searing Ray (safe; 2% risk of failure)
Confirm with . or Enter, or press ? or * to list all spells.
Aiming: Searing Ray (safe; 2% risk of failure)
Press: ? - help, Shift-Dir - straight line, f - goblin
Aim: a goblin, wielding a +0 club and quivering poisoned darts (74% to hit)
Okay, then.
Casting: Searing Ray (safe; 2% risk of failure)
Confirm with . or Enter, or press ? or * to list all spells.
Aiming: Magic Dart (safe; 1% risk of failure)
Press: ? - help, Shift-Dir - straight line, f - goblin
Aim: a goblin, wielding a +0 club and quivering poisoned darts (100% to hit)
The magic dart hits the goblin.
You kill the goblin!
Sigmund gestures at you while chanting. The puff of flame hits you!
You die...

. #.⌠...⌠.### ..
.......# #.........#
... .K....# #...<.....#
..g. .....# #.........#
.$... ..#.# #.⌠...⌠...#
#..@####....#
##........#
#...†<).##..####
##.⌠.....#
###g###........#
##......# # #.@.##.#
#......#
...###..##.#####.#....#
........##.#.....#....#
###.###........#####.##
# #...##...# .#
#.#....### # ...##..##
##...#..# ........


You could see Sigmund.

Vanquished Creatures
  A dart slug (D:1)
  3 ball pythons (D:1)
  4 bats
  An endoplasm (D:1)
  A giant cockroach (D:1)
  4 hobgoblins
  4 frilled lizards (D:1)
  4 goblins
  4 kobolds
  8 rats
34 creatures vanquished.

Notes
Turn   | Place    | Note
-------+----------+-------------------------------------------
     0 | D:1      | Heoruswealwe the Deep Elf Conjurer began the quest for the
                  | Orb.
     0 | D:1      | Reached XP level 1. HP: 10/10 MP: 6/6
   256 | D:1      | Reached XP level 2. HP: 15/15 MP: 6/8
   443 | D:1      | Learned a level 2 spell: Searing Ray
   731 | D:2      | Reached XP level 3. HP: 7/19 MP: 7/9
   807 | D:2      | Noticed Sigmund
   809 | D:2      | Killed from afar by Sigmund

Illustrated notes

Levels and vault maps discovered:
D:1:      dpeg_arrival_ternary, layout_loops_ring
D:2:      layout_rooms, serial_shops, nicolae_shop_stone, grunt_ministairs_2,
          serial_bayou_pond_e, uniq_sigmund, uniq_terence, uniq_natasha,
          uniq_robin

Action                   || total
-------------------------++-------
Melee: Falchion          ||    24
 Cast: Magic Dart        ||    37
       Searing Ray       ||     3
Armor: Robe              ||     7
Dodge: Dodged            ||    22
